Map: Rhoskallian LE

Players

Nigrnog - Winner!

  • Race: Zerg Zerg
  • League: Gold
  • Spawn Location: 12:00

MooEsqoo - Winner!

  • Race: Protoss Protoss
  • Spawn Location: 11:00

KrepkaRepka

  • Race: Zerg Zerg
  • League: Platinum
  • Spawn Location: 6:00

maxim

  • Race: Zerg Zerg
  • League: Gold
  • Spawn Location: 5:00

VOD

Have the link to the VOD?

Description

Time

  • Played on: Feb. 4, 2020, 4:34 a.m.
  • Length: 15:53
Show
View Real Time Build Order
Export as new Build Order

Nigrnog Zerg - Winner!

Build Orders: Pool First, Muta Ling Bane, Zergling Baneling, Carrier Rush 

Get SALT Encoding   

  12  0:02  Drone  
  13  0:13  Overlord  
  13  0:18  Drone  
  14  0:31  Drone x2  
  14  0:35  Drone  
  17  0:39  Extractor  
  16  0:45  Drone  
  17  0:55  Spawning Pool  
  17  0:56  Drone  
  17  1:07  Drone  
  18  1:27  Drone  
  18  1:31  Drone  
  20  1:35  Hatchery  
  19  1:40  Drone  
  19  1:46  Metabolic Boost  
  20  1:56  Queen  
  22  2:03  Extractor  
  22  2:04  Overlord  
  21  2:11  Baneling Nest  
  21  2:14  Zergling x2  
  21  2:20  Overlord  
  21  2:30  Drone  
  21  2:34  Drone  
  23  2:47  Drone  
  23  2:49  Zergling x2  
  25  2:53  Queen  
  25  2:58  Zergling x4  
  29  3:06  Zergling x6  
  32  3:15  Lair  
  32  3:20  Baneling  
  32  3:21  Baneling  
  32  3:22  Baneling  
  32  3:23  Baneling  
  32  3:25  Baneling  
  32  3:26  Baneling  
  32  3:31  Baneling x3  
  32  3:40  Drone x2  
  35  3:41  Drone  
  33  4:03  Zergling x6  
  33  4:04  Zergling x2, Overlord  
  35  4:24  Zergling x8  
  36  4:40  Baneling x3  
  36  4:41  Zergling x6  
  39  4:50  Centrifical Hooks  
  40  4:52  Zergling x2  
  40  4:53  Zergling x2  
  38  5:10  Zergling x8  
  42  5:36  Zergling x4  
  42  5:37  Zergling x8  
  34  6:19  Zergling x6  
  34  6:24  Spire  
  36  6:30  Baneling x6  
  36  6:31  Baneling x6  
  36  6:35  Drone x3  
  39  6:40  Drone x2  
  41  6:53  Zergling x2  
  41  6:54  Zergling x4  
  38  6:58  Drone x4  
  42  7:18  Zergling x2  
  42  7:19  Zergling x8  
  47  7:25  Spine Crawler  
  47  7:27  Spine Crawler  
  45  7:30  Hatchery  
  34  7:52  Mutalisk x5  
  34  7:57  Extractor  
  43  7:59  Drone x5  
  43  8:00  Extractor  
  47  8:05  Drone  
  47  8:10  Zerg Flyer Weapons Level 1  
  48  8:14  Drone  
  49  8:25  Spine Crawler  
  48  8:31  Mutalisk  
  50  8:34  Overlord x3  
  50  8:48  Queen  
  52  8:49  Drone  
  52  8:50  Mutalisk  
  55  8:55  Mutalisk  
  55  9:01  Drone x2  
  55  9:02  Drone  
  60  9:04  Overlord  
  60  9:10  Drone x2  
  60  9:12  Drone  
  60  9:14  Drone  
  60  9:16  Drone  
  65  9:18  Drone  
  65  9:21  Drone  
  67  9:28  Mutalisk x2  
  71  9:33  Extractor  
  71  9:35  Extractor  
  71  9:36  Drone x3  
  72  9:44  Mutalisk  
  74  9:46  Mutalisk  
  74  9:50  Baneling  
  74  9:51  Baneling  
  76  10:08  Baneling x2  
  76  10:09  Baneling  
  76  10:16  Mutalisk  
  78  10:31  Mutalisk  
  78  10:33  Overlord x3  
  78  10:34  Overlord x4  
  80  10:54  Mutalisk x2  
  80  10:55  Mutalisk x2  
  88  11:05  Mutalisk  
  90  11:24  Mutalisk  
  90  11:25  Mutalisk x2  
  95  11:44  Mutalisk x2  
  99  11:47  Mutalisk  
  101  11:57  Drone x3  
  101  11:58  Drone x4  
  108  12:11  Mutalisk x3  
  112  12:34  Corruptor x3  
  118  12:44  Drone  
  118  12:46  Corruptor x2  
  123  13:10  Hatchery  
  123  13:11  Corruptor x3  
  128  13:17  Hatchery, Corruptor  
  129  13:20  Hatchery  
  129  13:21  Drone x4  
  129  13:22  Drone x5  
  137  13:31  Overlord  
  137  13:47  Hatchery  
  136  13:49  Corruptor x4  
  136  14:21  Mutalisk x4  
  144  14:30  Mutalisk  
  146  14:44  Mutalisk x2  
  150  14:46  Queen  
  150  14:48  Queen  
  150  14:50  Queen  
  141  15:23  Corruptor x2, Mutalisk x3  
Show
View Real Time Build Order
Export as new Build Order

MooEsqoo Protoss - Winner!

Build Orders: Oracle Opening 

Get SALT Encoding   

  12  0:02  Probe  
  14  0:14  Probe  
  14  0:21  Pylon  
  14  0:26  Probe  
  15  0:43  Gateway  
  15  0:49  Probe (Chrono Boost)  
  16  0:54  Assimilator  
  16  1:02  Probe (Chrono Boost)  
  17  1:11  Probe (Chrono Boost)  
  18  1:20  Probe  
  19  1:31  Gateway  
  19  1:36  Cybernetics Core  
  19  1:41  Probe  
  19  1:46  Pylon  
  20  1:48  Assimilator  
  20  1:54  Probe (Chrono Boost)  
  21  2:06  Probe (Chrono Boost)  
  22  2:12  Probe (Chrono Boost)  
  23  2:20  Probe  
  24  2:23  Stargate  
  24  2:25  Adept  
  26  2:31  Warp Gate  
  26  2:41  Pylon  
  26  2:42  Pylon  
  26  2:45  Pylon  
  26  2:50  Shield Battery  
  26  2:54  Stalker  
  28  3:04  Stalker  
  30  3:15  Oracle (Chrono Boost)  
  33  3:29  Gateway  
  34  3:41  Probe  
  34  3:53  Probe  
  35  4:00  Stalker x2  
  39  4:25  Stalker  
  39  4:30  Stalker  
  43  4:41  Stalker  
  45  5:21  Probe  
  46  5:33  Probe  
  46  5:34  Sentry  
  46  5:35  Sentry  
  49  5:37  Oracle (Chrono Boost)  
  52  5:46  Forge  
  52  5:51  Twilight Council  
  52  5:54  Robotics Facility  
  52  5:56  Gateway  
  52  5:58  Gateway  
  52  6:32  Stalker  
  54  6:37  Pylon  
  54  6:39  Pylon  
  54  6:41  Pylon  
  54  6:43  Pylon  
  54  6:44  Pylon  
  51  7:00  Stalker x3  
  51  7:01  Stalker  
  59  7:02  Stalker  
  59  7:07  Charge  
  61  7:09  Protoss Ground Weapons Level 1 (Chrono Boost)  
  61  7:34  Nexus  
  61  7:36  Assimilator  
  61  7:40  Assimilator  
  59  8:13  Immortal (Chrono Boost), Templar Archives  
  63  8:30  Probe  
  64  8:42  Probe  
  64  8:47  Phoenix  
  67  8:58  Probe x2  
  69  9:10  Probe x2  
  71  9:22  Probe x2  
  73  9:30  Nexus  
  73  9:32  Pylon  
  73  9:34  Probe x2, Assimilator  
  76  9:38  Observer, Assimilator  
  76  9:45  High Templar x2  
  80  9:46  Probe x2  
  80  9:49  Archon  
  82  10:07  Probe x2  
  84  10:15  Protoss Ground Weapons Level 2 (Chrono Boost)  
  84  10:19  Probe x2  
  86  10:25  Immortal  
  90  11:09  Gateway  
  90  11:12  Gateway  
  90  11:13  High Templar x2, Gateway  
  90  11:14  High Templar  
  90  11:15  High Templar  
  90  11:17  Archon  
  98  11:19  Archon  
  98  11:20  Probe x3  
  101  11:32  Probe x2  
  103  11:33  Probe  
  104  11:41  Immortal  
  108  11:55  Gateway  
  108  12:02  Probe x3  
  108  12:04  Gateway  
  108  12:06  Gateway  
  108  12:07  Gateway  
  111  12:14  Shield Battery, Probe x3  
  114  12:16  Shield Battery  
  114  12:17  Shield Battery  
  114  12:19  Pylon  
  114  12:26  Probe  
  115  12:33  High Templar x3  
  115  12:34  High Templar  
  115  12:35  High Templar x2  
  115  12:36  High Templar  
  129  12:38  Archon x2  
  129  12:39  Archon  
  129  12:42  Protoss Ground Weapons Level 3 (Chrono Boost)  
  129  12:57  Warp Prism (Chrono Boost)  
  131  13:12  High Templar  
  133  13:13  High Templar x2  
  133  13:14  Zealot x2  
  141  13:22  Pylon  
  141  13:24  Pylon  
  141  13:26  Pylon  
  141  13:28  Pylon  
  141  13:29  Pylon  
  141  13:31  Pylon  
  141  13:33  Pylon  
  141  13:36  Pylon  
  141  13:37  Pylon  
  141  13:38  Pylon  
  141  13:40  Warp Prism  
  136  14:24  Warp Prism (Chrono Boost)  
  138  14:44  Phoenix  
  140  14:52  Warp Prism  
  140  14:57  High Templar x4  
  140  14:58  High Templar x3  
  140  14:59  High Templar x2  
  160  15:01  Zealot x2  
  160  15:02  Archon  
  160  15:03  Archon x3  
  160  15:05  Archon x2  
  164  15:23  Phoenix  
  166  15:33  Zealot x4  
  166  15:34  Zealot x5  
  166  15:35  Zealot x2  
Show
View Real Time Build Order
Export as new Build Order

KrepkaRepka Zerg 

Build Orders: Hatch First 

Get SALT Encoding   

  12  0:08  Overlord  
  12  0:14  Drone  
  12  0:18  Drone  
  14  0:41  Drone x3  
  17  0:54  Hatchery  
  17  0:56  Drone  
  17  1:06  Spawning Pool  
  16  1:15  Drone x2  
  18  1:28  Extractor  
  17  1:33  Extractor  
  16  1:54  Queen  
  18  2:02  Zergling x6  
  18  2:07  Queen  
  23  2:20  Drone  
  23  2:21  Drone x2  
  26  2:24  Zergling x2  
  27  2:39  Zergling x2  
  28  2:47  Overlord x2  
  28  3:08  Overlord x5  
  28  3:11  Zergling x6  
  28  3:12  Zergling x2  
  32  3:24  Overlord  
  32  3:25  Zergling x8  
  36  3:43  Zergling x4  
  37  3:53  Zergling x4  
  35  4:07  Drone x3  
  35  4:09  Roach Warren  
  34  4:10  Drone  
  31  4:18  Zergling x8  
  34  4:32  Zergling x8  
  34  4:45  Zergling x4  
  36  5:03  Roach x4  
  36  5:04  Roach x4  
  44  5:14  Drone  
  44  5:15  Drone  
  44  5:16  Extractor  
  44  5:17  Extractor  
  44  5:37  Roach x6  
  44  5:38  Roach x2  
  50  6:00  Roach x5  
  58  6:23  Lair  
  58  6:34  Roach x6  
  66  6:50  Drone x2  
  54  7:24  Roach x6  
  32  8:04  Spire  
  29  8:14  Drone x6  
  29  8:15  Drone x2  
  35  8:27  Drone x5  
  39  9:03  Drone x4  
  39  9:04  Drone  
  44  9:32  Drone x3  
  44  9:33  Drone x2, Infestation Pit  
  44  9:36  Drone x3  
  51  9:39  Drone  
  52  10:01  Corruptor  
  52  10:02  Corruptor x5  
  64  10:33  Corruptor x5  
  74  10:47  Corruptor x2  
  74  10:49  Overlord x4  
  69  10:50  Overlord x2  
  66  11:20  Corruptor x3  
  72  11:40  Corruptor x3  
  78  11:47  Drone  
  79  12:14  Zerg Flyer Weapons Level 1  
  79  12:22  Hive  
  78  12:42  Drone x6  
  84  13:00  Corruptor x2  
  88  13:23  Corruptor x2  
  88  13:24  Corruptor x5  
  58  14:11  Corruptor x7  
Show
View Real Time Build Order
Export as new Build Order

maxim Zerg 

Build Orders: Hatch First 

Get SALT Encoding   

  12  1:00  Extractor  
  11  1:05  Hatchery  
  11  1:10  Drone x3  
  14  1:50  Overlord  
  14  2:11  Drone x3  
  17  2:18  Extractor  
  17  2:21  Extractor  
  15  3:05  Overlord x5  
  15  3:25  Spawning Pool  
  14  4:23  Zergling x12  
  20  4:40  Zergling x4  
  16  5:17  Drone x4  
  16  5:18  Drone x2  
  21  5:32  Zergling x2  
  21  5:33  Zergling x2  
  22  5:46  Metabolic Boost  
  15  6:05  Zergling x12  
  21  6:30  Queen x2  
  15  7:06  Queen x2  
  19  7:20  Drone x6  
  25  7:41  Queen  
  25  7:42  Queen  
  29  8:48  Drone  
  29  8:49  Drone x7  
  29  8:50  Drone x8  
  29  8:51  Drone  
  46  9:17  Extractor  
  46  9:19  Drone x7  
  52  9:50  Zergling x4  
  52  9:51  Zergling x10  
  59  9:55  Lair  
  59  10:20  Drone x3  
  62  10:24  Extractor  
  62  10:28  Drone x3  
  61  11:06  Hydralisk Den  
  60  11:16  Spire  
  38  12:07  Hydralisk  
  38  12:08  Hydralisk x8  
  49  12:57  Drone x7  
  56  14:19  Corruptor x4  
  64  14:46  Corruptor x2  
  44  15:22  Hydralisk x6  
Tags
 
Add a new tag
Caveats
  • Supply blocks, unpowered buildings, or Contaminate may cause inaccurate times.
  • Supply counts are checked every 10 seconds.